 Dungeon Crawl Stone Soup version 0.28.0-53-g5a82cb258f (webtiles) character file.

Game seed: 1196708030337714582

26292 Ashen the Ogre Mage (level 13, -20/133 HPs)
             Began as an Ogre Ice Elementalist on July 1, 2022.
             Was a High Priest of Vehumet.
             Killed from afar by a bog body (26 damage)
             ... with a bolt of cold
             ... on level 2 of the Lair of Beasts.
             The game lasted 00:55:54 (17821 turns).

Ashen the Ogre Mage (Ogre Ice Elementalist)        Turns: 17821, Time: 00:55:54

Health: -20/133    AC: 10    Str: 15    XL:     13   Next: 25%
Magic:  29/29      EV: 11    Int: 20    God:    Vehumet [*****.]
Gold:   1647       SH:  5    Dex:  9    Spells: 8/36 levels left

rFire   . . .      SeeInvis .   w - +2 flail (protect)
rCold   . . .      Faith    .   (no shield)
rNeg    . . .      Spirit   .   S - +0 troll leather armour
rPois   .          Reflect  +   N - +2 hat
rElec   .          Harm     .   k - +2 cloak
rCorr   .          Rampage  .   (gloves unavailable)
Will    +....                   (boots unavailable)
Stlth   ++........              h - amulet of reflection
HPRegen 1.12/turn               (no ring)
MPRegen 0.21/turn               (no ring)

@: slowed, very slow
A: large, unfitting armour, tough skin 1
a: Renounce Religion


You were on level 2 of the Lair of Beasts.
You worshipped Vehumet.
Vehumet was extremely pleased with you.
You visited 3 branches of the dungeon, and saw 16 of its levels.
You also visited: Ossuary.

You collected 2735 gold pieces.
You spent 1088 gold pieces at shops.

Inventory:

Hand Weapons
 t - a +0 halberd of venom
 w - a +2 flail of protection (weapon)
 G - a +0 giant spiked club of electrocution
 T - a +1 dagger of venom
Missiles
 r - 26 poisoned darts (quivered)
 E - 2 throwing nets
Armour
 k - a +2 cloak (worn)
 s - a scarf of resistance
 u - +0 acid dragon scales
 y - a scarf of shadows
 N - a +2 hat (worn)
 Q - a +0 kite shield
 S - a +0 troll leather armour (worn)
Magical Staves
 H - a staff of conjuration
Jewellery
 h - an amulet of reflection (around neck)
 I - an amulet of faith
Wands
 a - a wand of acid (4)
 q - a wand of digging (8)
 D - a wand of paralysis (4)
 L - a wand of iceblast (3)
 W - a wand of charming (7)
Scrolls
 d - 2 scrolls of holy word {unknown}
 f - a scroll of summoning
 g - 6 scrolls of fog {unknown}
 j - 7 scrolls of teleportation
 l - 3 scrolls of blinking {unknown}
 p - 4 scrolls of identify
 v - 3 scrolls of fear
 x - a scroll of amnesia
 C - 2 scrolls of vulnerability
 F - a scroll of noise
 J - 2 scrolls of enchant armour {unknown}
 M - a scroll of torment
 R - a scroll of magic mapping {unknown}
 U - a scroll of acquirement
 V - a scroll of enchant weapon
Potions
 b - 4 potions of might
 c - a potion of berserk rage {unknown}
 e - 6 potions of curing
 i - 4 potions of cancellation
 m - 2 potions of ambrosia
 n - 3 potions of brilliance
 o - 2 potions of mutation
 z - a potion of heal wounds
 A - 3 potions of haste
 B - 2 potions of lignification
 K - a potion of flight
 O - a potion of magic
 P - a potion of resistance


   Skills:
 - Level 10.0 Fighting
 + Level 7.4 Maces & Flails
 + Level 7.6 Dodging
 - Level 5.0 Stealth
 - Level 12.0 Spellcasting
 + Level 6.3 Conjurations
 + Level 8.3 Ice Magic
 + Level 5.5 Air Magic
 - Level 2.0 Poison Magic


You had 8 spell levels left.
You knew the following spells:

 Your Spells              Type           Power      Damage    Failure   Level
a - Freeze                Ice            100%       1d11      1%          1
b - Frozen Ramparts       Ice            90%        1d11      1%          3
c - Ozocubu's Armour      Ice            45%        N/A       1%          3
d - Hailstorm             Conj/Ice       41%        3d10      1%          4
e - Shock                 Conj/Air       100%       1d9       1%          1
f - Mephitic Cloud        Conj/Pois/Air  30%        N/A       1%          3
g - Ozocubu's Refrigerat  Ice            22%        4d9       43%         7
h - Conjure Ball Lightni  Conj/Air       17%        3x3d6     24%         6

Your spell library contained the following spells:

 Spells                   Type           Power      Damage    Failure   Level
 Dazzling Flash           Conj/Hex       48%        N/A       1%          3
 Fulminant Prism          Conj/Hex       12%        3d9       5%          4
 Iskenderun's Mystic Bla  Conj/Tloc      24%        2d7       5%          4
 Animate Skeleton         Necr           24%        N/A       7%          1
 Pain                     Necr           48%        1d6       7%          1
 Slow                     Hex            48%        N/A       7%          1
 Sublimation of Blood     Necr           12%        N/A       11%         2
 Irradiate                Conj/Tmut      12%        3d17      13%         5
 Confusing Touch          Hex            12%        N/A       21%         3
 Vampiric Draining        Necr           12%        2d6       21%         3
 Lee's Rapid Deconstruct  Erth           6%         3d7*      41%         5
 Starburst                Conj/Fire      12%        6d5       54%         6
 Animate Dead             Necr           6%         N/A       56%         4
 Cause Fear               Hex            6%         N/A       56%         4
 Petrify                  Tmut/Erth      12%        N/A       56%         4
 Agony                    Necr           12%        N/A       88%         5
 Borgnjor's Vile Clutch   Necr/Erth      6%         N/A       88%         5
 Excruciating Wounds      Necr           6%         N/A       88%         5
 Death Channel            Necr           6%         N/A       100%        6
 Dragon Form              Tmut           6%         N/A       100%        7
 Dragon's Call            Summ           6%         N/A       100%        9


Dungeon Overview and Level Annotations

Branches:
Dungeon (12/15)            Temple (0/1) D:6            Lair (2/6) D:10
    Orc (2/2) D:12            Elf (0/3) Orc:2       Ossuary (visited)
  Swamp: Lair:2-4    Shoals: Lair:2-4     Snake: Lair:2-4    Spider: Lair:2-4

Altars:
Ashenzari
Cheibriados
Hepliaklqana
Kikubaaqudgha
Okawaru
Trog
Vehumet
Wu Jian
Zin
The Shining One

Shops:
D:7 [   Orc:2 *?

Annotations:
Lair:1 exclusion: oklob plant
Orc:2 Erolcha


Innate Abilities, Weirdness & Mutations

You are too large for most types of armour.
You have tough skin. (AC +1)


Message History

Press: ? - help, v - describe, . - travel
Here: a basilisk The floor.
The basilisk gazes at you.
You are slowing down.
Unknown command.
Your limbs are stiffening.
The bog body touches you! The bog body freezes you!
You have turned to stone.
The basilisk bites the fungus.
The fungus begins to die.
The bog body touches you! The bog body freezes you!
* * * LOW HITPOINT WARNING * * *
The basilisk bites the fungus!
The bog body touches you.
* * * LOW HITPOINT WARNING * * *
The bog body freezes you!
* * * LOW HITPOINT WARNING * * *
The basilisk bites the fungus!!
The bog body points at you and mumbles some strange words.
You feel yourself slow down.
The basilisk bites the fungus!
The bog body touches you but does no damage.
The basilisk bites the fungus.
The bog body touches you!
* * * LOW HITPOINT WARNING * * *
The bog body freezes you!
* * * LOW HITPOINT WARNING * * *
A nearby fungus withers and dies.
The bog body casts a spell at you.
You feel as though you will be slow longer.
The basilisk gazes at you.
You easily resist.
The bog body gestures at you while chanting.
The bolt of cold hits you!!
* * * LOW HITPOINT WARNING * * *
The bog body touches you!
* * * LOW HITPOINT WARNING * * *
The bog body freezes you!
* * * LOW HITPOINT WARNING * * *
You turn to flesh and can move again.
The bog body points at you and mumbles some strange words.
The bolt of cold hits you!!
You die...

....♣..♣........................
#.....⌠⌠.........................
#................................
...................##.#........##
#................#######...P#..#
......................#....##..#
........#.....n............##.##
.........P.#.##.l...............
.............#.@...............
...........##......<.†........
......#..###....^..##..P##.##
#.#.#### ###.########## ## ## ###


You could see a bog body and a basilisk.

Vanquished Creatures
  Gastronok (D:11)
  An orc warlord (Orc:1)
  2 ogre magi (Orc:1)
  3 two-headed ogres
  An orc high priest (Orc:1)
  Nergalle (Lair:1)
  An orc knight (Orc:2)
  An oklob plant (D:10)
  2 orc sorcerers
  2 cyclopes
  A manticore (D:12)
  Joseph (D:8)
  A centaur zombie (D:10)
  3 black mambas (Lair:1)
  Maggie (D:6)
  2 cane toads (Lair:1)
  5 komodo dragons
  5 trolls
  A red devil (Orc:2)
  2 hornets
  A wyvern (D:8)
  A vampire (D:11)
  2 steam dragons
  2 wraiths (D:11)
  16 yaks
  6 vampire mosquitoes
  3 wargs (Orc:1)
  Edmund (D:5)
  A floating eye (Orc:1)
  2 water moccasins
  A swamp drake (D:12)
  28 orc warriors
  A black bear (Lair:1)
  5 ogres
  2 sky beasts
  A necrophage (D:5)
  3 kobold brigands
  4 bullfrogs
  A gnoll sergeant (Orc:1)
  3 scorpions
  A wyvern skeleton (D:6)
  4 water moccasin zombies (Ossuary)
  2 water moccasin skeletons
  A howler monkey (D:6)
  15 killer bees
  2 electric eels (Lair:1)
  A bullfrog zombie (D:5)
  A centaur skeleton (D:7)
  2 jellies (D:6)
  2 gnoll shamans
  A hound (D:5)
  24 orc priests
  Crazy Yiuf (D:6)
  5 iguanas
  25 orc wizards
  2 killer bee zombies
  A hound skeleton (D:4)
  3 mummies
  16 gnolls
  5 adders
  A howler monkey skeleton (D:4)
  A white imp (D:5)
  2 adder zombies (Ossuary)
  An adder skeleton (D:4)
  A worm (D:4)
  4 dart slugs
  68 orcs
  9 endoplasms
  A giant cockroach (D:4)
  5 gnoll zombies (Ossuary)
  5 goblins
  3 hobgoblins
  3 jackals (D:3)
  2 quokkas
  6 ball pythons
  2 bats
  3 frilled lizards
  5 hobgoblin zombies (Ossuary)
  17 kobolds
  2 kobold zombies (Ossuary)
  4 orc zombies (Ossuary)
  8 rats
388 creatures vanquished.

Vanquished Creatures (others)
  3 fungi
  15 plants
18 creatures vanquished.

Grand Total: 406 creatures vanquished

Notes
Turn   | Place    | Note
-------+----------+-------------------------------------------
     0 | D:1      | Ashen the Ogre Ice Elementalist began the quest for the
                  | Orb.
     0 | D:1      | Reached XP level 1. HP: 16/16 MP: 3/3
   376 | D:1      | Reached XP level 2. HP: 15/26 MP: 2/5
   756 | D:1      | Found a faded altar of an unknown god.
  1084 | D:2      | Reached skill level 3 in Spellcasting
  1201 | D:2      | Reached skill level 1 in Fighting
  1201 | D:2      | Reached XP level 3. HP: 27/33 MP: 2/7
  1366 | D:2      | Found an ornate altar of the Wu Jian Council.
  1510 | D:2      | Learned a level 3 spell: Frozen Ramparts
  1514 | D:2      | Learned a level 3 spell: Ozocubu's Armour
  1953 | D:3      | Noticed an ice beast
  2136 | D:3      | Reached XP level 4. HP: 18/41 MP: 1/9
  2138 | D:3      | Reached skill level 1 in Maces & Flails
  2708 | D:3      | Reached XP level 5. HP: 49/49 MP: 10/10
  2955 | D:3      | Found a bloodstained altar of Trog.
  2982 | D:3      | Found a glowing silver altar of Zin.
  3010 | D:3      | Found a glowing golden altar of the Shining One.
  3013 | D:3      | Found an ancient bone altar of Kikubaaqudgha.
  3502 | D:4      | Noticed an ogre
  3699 | D:4      | Noticed an orc warrior
  3712 | D:4      | Reached skill level 4 in Spellcasting
  3727 | D:4      | Killed an orc warrior
  3728 | D:4      | Reached XP level 6. HP: 30/59 MP: 1/12
  4395 | D:4      | Reached XP level 7. HP: 60/67 MP: 10/14
  4712 | D:4      | Reached skill level 5 in Spellcasting
  4838 | D:5      | Entered Level 5 of the Dungeon
  5443 | D:5      | Reached XP level 8. HP: 70/78 MP: 10/16
  5567 | D:5      | Reached skill level 6 in Spellcasting
  5972 | D:5      | Identified the +7 glaive of Alad Xyi {freeze, Int+2 Dex+4
                  | Stlth-}
  6182 | D:6      | Found a radiant altar of Vehumet.
  6182 | D:6      | Found a broken altar of Ashenzari.
  6193 | D:6      | Became a worshipper of Vehumet
  6310 | D:6      | Noticed Maggie
  6323 | D:6      | Killed Maggie
  6324 | D:6      | Reached skill level 5 in Fighting
  6324 | D:6      | Reached skill level 5 in Ice Magic
  6339 | D:6      | Learned a level 4 spell: Hailstorm
  6745 | D:6      | Reached skill level 7 in Spellcasting
  6745 | D:6      | Reached XP level 9. HP: 78/88 MP: 9/19
  6838 | D:6      | Noticed Edmund
  6850 | D:6      | Found a staircase to the Ecumenical Temple.
  6862 | D:5      | Killed Edmund
  6863 | D:5      | Reached skill level 1 in Conjurations
  7031 | D:6      | Found a runed translucent door.
  7032 | D:6      | Noticed Crazy Yiuf
  7040 | D:6      | Killed Crazy Yiuf
  7516 | D:7      | Found Esky's Antique Armour Emporium.
  8007 | D:7      | Found a sand-covered staircase.
  8021 | Ossuary  | Entered an ossuary
  8062 | Ossuary  | Reached skill level 8 in Spellcasting
  8143 | Ossuary  | Reached * piety under Vehumet
  8143 | Ossuary  | Offered knowledge of Foxfire by Vehumet.
  8760 | D:8      | Noticed Joseph
  8762 | D:8      | Reached XP level 10. HP: 86/100 MP: 12/22
  8825 | D:8      | Killed Joseph
  9001 | D:8      | Offered knowledge of Shock by Vehumet.
  9004 | D:8      | Learned a level 1 spell: Shock
  9174 | D:8      | Reached ** piety under Vehumet
  9176 | D:8      | Reached skill level 5 in Dodging
  9892 | D:9      | Reached skill level 9 in Spellcasting
  9994 | D:9      | Noticed a two-headed ogre
 10271 | D:9      | Killed a two-headed ogre
 10272 | D:9      | Reached skill level 5 in Maces & Flails
 10272 | D:9      | Reached skill level 1 in Air Magic
 10854 | D:10     | Entered Level 10 of the Dungeon
 10871 | D:10     | Found a staircase to the Lair.
 10871 | D:10     | Noticed an oklob plant
 11008 | D:10     | Offered knowledge of Mephitic Cloud by Vehumet.
 11013 | D:10     | Learned a level 3 spell: Mephitic Cloud
 11192 | D:10     | Reached skill level 5 in Stealth
 11370 | D:10     | Reached *** piety under Vehumet
 11371 | D:10     | Reached skill level 1 in Poison Magic
 11625 | D:10     | Found a snail-covered altar of Cheibriados.
 11631 | D:10     | Reached XP level 11. HP: 109/109 MP: 22/24
 12089 | D:10     | Killed an oklob plant
 12325 | D:11     | Noticed a two-headed ogre
 12336 | D:11     | Killed a two-headed ogre
 12487 | D:11     | Noticed Gastronok
 12521 | D:11     | Identified a scroll of acquirement
 12522 | D:11     | Acquired 1043 gold pieces
 12551 | D:11     | Reached skill level 10 in Spellcasting
 12825 | D:11     | Noticed a two-headed ogre
 12845 | D:11     | Killed a two-headed ogre
 12932 | D:11     | Killed Gastronok
 13126 | D:12     | Noticed a manticore
 13137 | D:12     | Killed a manticore
 13193 | D:12     | Offered knowledge of Stone Arrow by Vehumet.
 13521 | D:12     | Found an iron altar of Okawaru.
 13523 | D:12     | Noticed a cyclops
 13533 | D:12     | Killed a cyclops
 14059 | D:12     | Found a staircase to the Orcish Mines.
 14119 | Orc:1    | Entered Level 1 of the Orcish Mines
 14150 | Orc:1    | Reached **** piety under Vehumet
 14280 | Orc:1    | Offered knowledge of Iskenderun's Battlesphere by Vehumet.
 14464 | Orc:1    | Noticed a cyclops
 14482 | Orc:1    | Killed a cyclops
 14483 | Orc:1    | Reached XP level 12. HP: 100/123 MP: 26/26
 14515 | Orc:1    | Paralysed by a gnoll sergeant for 5 turns
 14584 | Orc:1    | Noticed an orc high priest
 14603 | Orc:1    | Killed an orc high priest
 14604 | Orc:1    | Reached skill level 11 in Spellcasting
 14718 | Orc:1    | Noticed an ogre mage
 14719 | Orc:1    | Paralysed by an orc sorcerer for 6 turns
 14730 | Orc:1    | Noticed an ogre mage
 14734 | Orc:1    | Paralysed by a floating eye for 2 turns
 14736 | Orc:1    | Killed an ogre mage
 14739 | Orc:1    | Reached skill level 5 in Conjurations
 14739 | Orc:1    | Killed an ogre mage
 14739 | Orc:1    | Reached ***** piety under Vehumet
 14986 | Orc:2    | Entered Level 2 of the Orcish Mines
 14992 | Orc:2    | Offered knowledge of Ozocubu's Refrigeration by Vehumet.
 15012 | Orc:1    | Learned a level 7 spell: Ozocubu's Refrigeration
 15375 | Orc:2    | Noticed an orc warlord
 15629 | Orc:1    | Killed an orc warlord
 15924 | Orc:2    | Noticed Erolcha
 16020 | Orc:2    | Found a staircase to the Elven Halls.
 16097 | Orc:2    | Found Maatueh's Magic Scroll Shoppe.
 16100 | Orc:2    | Found Vuyhoam's General Store.
 16133 | Orc:2    | Reached skill level 12 in Spellcasting
 16182 | Orc:2    | Bought a scroll of identify for 32 gold pieces
 16182 | Orc:2    | Bought a scroll of identify for 32 gold pieces
 16182 | Orc:2    | Bought a scroll of fear for 56 gold pieces
 16182 | Orc:2    | Bought a scroll of acquirement for 832 gold pieces
 16184 | Orc:2    | Bought a scroll of teleportation for 39 gold pieces
 16184 | Orc:2    | Bought a scroll of enchant weapon for 97 gold pieces
 16199 | Orc:2    | Reached skill level 10 in Fighting
 16440 | Lair:1   | Entered Level 1 of the Lair of Beasts
 16550 | Lair:1   | Found a hazy altar of Hepliaklqana.
 16608 | Lair:1   | Noticed Nergalle
 16619 | Lair:1   | Killed Nergalle
 16620 | Lair:1   | Reached XP level 13. HP: 133/133 MP: 21/29
 16798 | Lair:1   | Reached skill level 5 in Air Magic
 16859 | Lair:1   | Offered knowledge of Conjure Ball Lightning by Vehumet.
 16874 | Lair:1   | Learned a level 6 spell: Conjure Ball Lightning
 17820 | Lair:2   | HP: 5/133 [bog body (6)]
 17821 | Lair:2   | Killed from afar by a bog body

Illustrated notes

Levels and vault maps discovered:
D:1:      tarquinn_simple_flora_water_f, layout_rooms,
          shapermc_ecumenical_altar_petra, minmay_pentomino_o2
D:2:      layout_loops_ring, basic_altar, minmay_box_of_dots
D:3:      layout_loops_ring, grunt_temple_overflow_cloverleaf
D:4:      minmay_opposing_rooms, layout_loops_ring, minivault_24, minmay_between
D:5:      layout_basic
D:6:      layout_loops_cross, gammafunk_temple_overflow_pools,
          minmay_temple_entry_glass, minmay_misc_feat_doors, uniq_edmund,
          uniq_crazy_yiuf_cottage, uniq_maggie
D:7:      layout_basic, serial_shops, nicolae_shop_advertising_works
          [nicolae_subvault_shop_adworks], gup_ossuary_entry_pyramid,
          kennysheep_cluttered_room, hex_large
D:8:      layout_loops_ring, minivault_23, uniq_erica, uniq_joseph
D:9:      layout_basic, minivault_19
D:10:     layout_stronghold, lemuel_tele_altar, dpeg_oklobed_lair
D:11:     layout_cave_pools, uniq_gastronok
D:12:     layout_basic, erik_orc_1, okawaru_metal_pillars_3
Lair:1:   layout_gridlike, lemuel_oklob_altar, uniq_nergalle
Lair:2:   layout_gridlike, nicolae_swamp_entry_splash_gauntlet,
          bh_autumn_forest_stairs
Orc:1:    hellmonk_paralyzer, layout_caves
Orc:2:    pf_orc_diabolical, layout_caves, uniq_erolcha

Skill      XL: |  1  2  3  4  5  6  7  8  9 10 11 12 13 |
---------------+----------------------------------------+-----
Dodging        | 2 3 4 5 6 7 |  7.6
Spellcasting   | 3 4 5 7 8 9 10 12 | 12.0
Fighting       | 1 2 3 4 5 6 7 9 10 | 10.0
Maces & Flails | 1 2 3 4 5 6 7 |  7.4
Stealth        | 2 3 4 5 |  5.0
Ice Magic      | 4 5 6 7 8 |  8.3
Conjurations   | 2 3 4 5 6 |  6.3
Air Magic      | 1 3 4 5 |  5.5
Poison Magic   | 1 2 |  2.0

Action                   |  1- 3 |  4- 6 |  7- 9 | 10-12 | 13-15 || total
-------------------------+-------+-------+-------+-------+-------++-------
Melee: Unarmed           |     3 |       |       |       |       ||     3
       Club              |    10 |     3 |       |       |       ||    13
       Flail             |       |    46 |   174 |   333 |    58 ||   611
       Dire flail        |       |    11 |    69 |       |       ||    80
       Punch             |       |       |     1 |     2 |       ||     3
       Halberd           |       |       |       |    26 |       ||    26
Throw: Dart              |       |       |     4 |    14 |       ||    18
 Cast: Freeze            |    44 |    11 |    48 |    55 |     3 ||   161
       Frozen Ramparts   |     1 |     8 |    17 |    70 |    13 ||   109
       Ozocubu's Armour  |     1 |     3 |    28 |    63 |     8 ||   103
       Shock             |       |       |       |     3 |       ||     3
       Hailstorm         |       |       |       |    33 |       ||    33
       Mephitic Cloud    |       |       |       |    22 |       ||    22
Evoke: Wand              |       |       |       |     1 |       ||     1
  Use: Scroll            |       |       |       |    25 |       ||    25
       Potion            |       |       |       |       |     1 ||     1
 Stab: Sleeping          |     3 |     4 |     2 |     1 |     2 ||    12
       Confused          |       |       |       |     4 |       ||     4
Armor: Robe              |    10 |    17 |    33 |       |       ||    60
       Acid dragon scale |       |       |    90 |   121 |       ||   211
       Troll leather arm |       |       |       |    70 |    29 ||    99
Dodge: Dodged            |    29 |    18 |   133 |   214 |    32 ||   426
Block: Other             |     3 |    14 |    54 |    92 |     9 ||   172
       Reflection        |       |       |     1 |     2 |       ||     3
